[Event "2nd Doppelbauer Kiel GM 2022"]
[Site "Kiel"]
[Date "2022.07.05"]
[Round "9.3"]
[White "Farokhi, Keyvan"]
[Black "Rosner, Jonas"]
[Result "1/2-1/2"]
[ECO "D12"]
[WhiteElo "2360"]
[BlackElo "2469"]
[Annotator "TA"]
[PlyCount "134"]
[EventDate "2022.06.30"]
[EventType "tourn"]
[EventCountry "GER"]
[SourceTitle "playchess.com"]
[Source "ChessBase"]
[SourceQuality "1"]
[TimeControl "40/5400+30:1800+30"]

1. d4 d5 2. c4 c6 3. Nf3 Nf6 4. e3 Bf5 5. Nc3 e6 6. Nh4 Be4 7. f3 Bg6 8. Qb3 Qc7 9. Bd2 {[%emt 0:00:15] D12: Slav Defence: 3 Nf3 Nf6 4 e3 Bf5.} Be7 10. Nxg6 hxg6 11. Rc1 dxc4 12. Bxc4 Nbd7 {[%emt 0:01:02] [#]} 13. e4 $146 (13. g3 $11 {remains equal.}) ({Predecessor:} 13. g3 O-O 14. O-O Rad8 15. Qc2 c5 16. dxc5 Qxc5 17. Be2 Ne5 18. Rfd1 Rd7 19. Kf2 {½-½ (49) Van Wely,L (2622)-Bartel,M (2600) Germany 2019}) 13... Rxh2 $17 14. Kf2 Nh5 $1 15. f4 Rxh1 16. Rxh1 O-O-O 17. g3 {[%emt 0:23:04] [#]} ({White should play} 17. e5) 17... Nc5 $1 18. Qc2 Rxd4 19. Be2 Nf6 (19... e5 $19 20. Be3 Rd8 21. Bg4+ f5 22. Bxh5 Nd3+ 23. Kf1 gxh5 24. Rxh5 fxe4) 20. Be3 Rd8 ({Of course not} 20... Nfxe4+ 21. Nxe4 Nxe4+ 22. Kf3 Nxg3 23. Kxg3 $11) 21. b4 Ncd7 22. Rc1 (22. Qb3 $17) 22... a6 (22... Bxb4 $19 23. Nb5 Qa5 24. Nxa7+ Kb8) 23. b5 (23. e5 $17 Nxe5 24. fxe5 Qxe5 25. Bf4 Qd4+ 26. Be3 Ng4+ 27. Bxg4 Qxg4 28. Qe4 Qxe4 29. Nxe4) 23... cxb5 $2 ({Better is} 23... Ba3 $19 24. bxa6 Bxc1 25. Qxc1 Qa5) 24. e5 $1 $36 {[%emt 0:00:41][%mdl 2048] Black is under pressure.} Ne8 25. Qb1 $1 {[%emt 0:10:51] Threatens to win with Ne4.} Nc5 (25... Ba3 $5 26. Nxb5 Bxc1 27. Nxc7 Bxe3+ 28. Kxe3 Nxc7 $11) 26. Ne4 b6 {[%emt 0:06:32] And now ...Qa7 would win.} 27. a4 $1 Qa7 $2 {[%emt 0:09:54][%mdl 8192] [#]} (27... Qc6 $11) 28. axb5 $2 (28. a5 $1 $18 Kb8 29. axb6 Nxe4+ 30. Qxe4) 28... axb5 {[%emt 0:00:58] Hoping for ...Nc7. The position is equal.} 29. Nxc5 (29. Bxc5 {looks sharper.} Bxc5+ 30. Nxc5 bxc5 31. Qxb5 Nc7 32. Qxc5 Qxc5+ 33. Rxc5 Kd7 34. Bf3) 29... Bxc5 30. Qxb5 Nc7 31. Bxc5 bxc5 32. Qxc5 (32. Qc6 {is more complex.} Rd4 33. Rh1 c4 34. Kf3) 32... Qxc5+ 33. Rxc5 Rd5 34. Rxd5 exd5 {[%emt 0:00:39][%mdl 4096] Endgame KB-KN} 35. g4 Kd7 36. Ke3 Kc6 37. f5 gxf5 38. gxf5 Kc5 39. Kd3 f6 40. e6 Kd6 41. Bh5 Na6 42. Kd4 Nb4 43. Be8 Nc2+ 44. Kd3 Na3 45. Kd4 Nc4 46. Ba4 Ne5 47. e7 Kxe7 {[%emt 0:00:31] White must now prevent ...Kd6.} 48. Kxd5 Kf7 49. Bd1 Kg8 50. Kd6 Kh7 51. Ke7 Kh6 52. Kf8 Nc4 {[%emt 0:00:14] ( -> ...Ne3)} 53. Be2 Ne3 (53... Nd6 $5 54. Bd3 Nc8 $11) 54. Bd3 Ng4 55. Bb1 Nf2 56. Bc2 Nh3 57. Bb1 Nf4 58. Bc2 Nh5 59. Kf7 Kg5 60. Bb1 Ng3 61. Kxg7 Nxf5+ 62. Kf7 Nd4 63. Bd3 Nb3 64. Bc2 Nd4 65. Bd3 Nb3 66. Bc2 $1 f5 67. Bxf5 Kxf5 {[%emt 0:00:00] Black had all chances to win.  Weighted Error Value: White=0.24 (precise) /Black=0.21 (precise)} 1/2-1/2

[Event "2nd Doppelbauer Kiel GM 2022"]
[Site "Kiel"]
[Date "2022.07.05"]
[Round "9.4"]
[White "Meshkovs, Nikita"]
[Black "Horvath, Dominik"]
[Result "1/2-1/2"]
[ECO "D77"]
[WhiteElo "2553"]
[BlackElo "2482"]
[Annotator "TA"]
[PlyCount "103"]
[EventDate "2022.06.30"]
[EventType "tourn"]
[EventCountry "GER"]
[SourceTitle "playchess.com"]
[Source "ChessBase"]
[SourceQuality "1"]
[TimeControl "40/5400+30:1800+30"]

1. Nf3 d5 2. g3 g6 3. Bg2 Bg7 4. d4 Nf6 5. O-O O-O 6. c4 dxc4 7. Na3 c5 {[%emt 0:00:12] is cutting edge theory.} 8. Nxc4 Be6 {[%emt 0:03:08] D77: Fianchetto Grünfeld: 6 0-0: Replies other than 6...c6.} 9. Nfe5 Qc8 10. dxc5 Nfd7 $1 11. Nxd7 Nxd7 12. c6 bxc6 13. Na5 Bd5 14. Qc2 Bxg2 15. Kxg2 c5 16. Bd2 Nb6 {[%emt 0:14:50] [#]} 17. Rac1 $146 ({Predecessor:} 17. Bc3 Bxc3 18. Qxc3 Qe6 19. Rfe1 Rfd8 20. b3 Rd5 21. e4 Rd4 22. Qe3 Qd7 23. Rac1 {1-0 (50) Liu,Y (2506)-Chu,W (2393) Xingtai 2018}) 17... c4 18. b3 cxb3 19. Qxb3 Qd7 20. Rfd1 Rfc8 $1 21. Bf4 Qf5 22. Nc6 Qe4+ 23. Qf3 Qe6 24. Bg5 (24. Rc2 $16) 24... Bf6 $11 25. Bxf6 exf6 26. Rd4 {[%emt 0:01:07] [#] Strongly threatening Re4.} Kg7 27. a4 Nd7 28. Rdc4 Nb6 (28... a5 $11) 29. Re4 $14 Qf5 30. Qxf5 gxf5 31. Rh4 {[%emt 0:00:37] White is much more active.} ({White should play} 31. Rf4 $16) 31... Rc7 32. a5 Nd5 33. Rd4 Ne7 34. Rd6 Re8 35. e3 Rxc6 36. Rcxc6 Nxc6 37. Rxc6 {[%emt 0:00:00][%mdl 4096] Endgame KR-KR} Re6 38. Rc7 a6 39. Ra7 Kg6 40. Ra8 h6 41. Kf3 Kg7 42. Ke2 {[%emt 0:01:46] Hoping for Kd3.} Rd6 43. f4 (43. Ke1 $16) 43... Kh7 $11 44. Kf3 Kg7 45. Ke2 Kh7 46. h3 h5 47. Kf2 Kg7 48. Kf3 Kg6 49. Ra7 Rc6 50. Ra8 Rd6 51. Rg8+ Kh7 $1 52. Ra8 {[%emt 0:00:00] Weighted Error Value: White=0.11 (very precise) /Black=0.07 (flawless)} 1/2-1/2

[Event "2nd Doppelbauer Kiel GM 2022"]
[Site "Kiel"]
[Date "2022.07.05"]
[Round "9.5"]
[White "Ernst, Sipke"]
[Black "Bogner, Sebastian"]
[Result "1-0"]
[ECO "E29"]
[WhiteElo "2547"]
[BlackElo "2553"]
[Annotator "TA"]
[PlyCount "97"]
[EventDate "2022.06.30"]
[EventType "tourn"]
[EventCountry "GER"]
[SourceTitle "playchess.com"]
[Source "ChessBase"]
[SourceQuality "1"]
[TimeControl "40/5400+30:1800+30"]

1. d4 Nf6 2. c4 e6 3. Nc3 Bb4 4. e3 O-O 5. a3 Bxc3+ 6. bxc3 c5 7. Bd3 Nc6 8. Ne2 b6 9. e4 Ne8 10. Be3 Ba6 {[%emt 0:05:54] E29: Nimzo-Indian: Sämisch: 5...0-0 6 e3 c5 7 Bd3 Nc6.} 11. Qa4 {[%emt 0:13:50] [#]} Na5 $146 ({Predecessor:} 11... Qc8 12. O-O d5 13. exd5 exd5 14. Rfd1 cxd4 15. cxd4 Nd6 16. cxd5 Bxd3 17. Rxd3 Ne7 18. Qb3 {0-1 (60) Suder,J (2321)-Grzesik,G (2208) Sypniewo 2022}) 12. dxc5 Rc8 {[%emt 0:10:25] Black is slightly better.} (12... d6 $5 ) 13. Rd1 bxc5 14. e5 {[%emt 0:01:35] Inhibits Nd6.} f6 15. Qc2 (15. exf6 $11 Nxf6 16. O-O) 15... fxe5 $17 16. Bxh7+ Kh8 17. Bg6 Nxc4 18. Bc1 {[%emt 0:03:44] This bishop pair is nice.} (18. Qe4 $5 Kg8 19. Bh7+ Kh8 20. Bg6 $11) 18... d5 $1 {[%emt 0:06:56] Strongly threatening ...Qh4.} 19. Rd3 Kg8 $1 20. O-O Nf6 21. Rh3 {[%emt 0:00:15] And now Qd3 would win.} e4 {[%emt 0:00:41] Inhibits Qd3.} 22. f3 $2 (22. Nf4 $15) 22... Ne5 $19 23. Nf4 Bxf1 24. Kxf1 Qb6 25. fxe4 Nxg6 26. Nxg6 Nxe4+ 27. Kg1 Qa6 $2 28. c4 (28. Qd1 $17 {is a better defense.}) 28... Rf6 (28... Qxc4 $2 29. Rh8+ Kf7 30. Rxf8+ Kxg6 31. Qxc4 Rxf8 32. Qa6 $18) 29. Ne7+ Kf7 30. Nxc8 Qxc8 $40 {[%emt 0:00:03][%mdl 128] White is in trouble.} 31. Bb2 (31. Re3 $142) 31... Rf2 32. Rf3+ Rxf3 33. gxf3 {[%emt 0:00:02][%mdl 4096] Endgame [#] KQB-KQN} Nd6 34. cxd5 exd5 35. Qh7 (35. Qa4 {was worth a try.} a6 36. Be5 (36. Qf4+ $2 Nf5 $19)) 35... d4 36. Qh5+ Ke6 37. Qg6+ (37. Bc1 $142) 37... Kd5 38. Qxg7 Qf5 {[%emt 0:00:00] Hoping for ...Qb1+.} 39. Qg8+ Qe6 40. Qg5+ Nf5 {[%emt 0:00:31] White must now prevent ...Qe1+.} 41. Kf1 Kc6 42. Bc1 c4 (42... d3 $142 {aiming for ...Qe2+.} 43. Kg2 a5) 43. Qf4 Kd5 $2 ({Better is} 43... c3 $19 {...Ne3+ is the strong threat.} 44. Kf2 a5 45. Qe4+ Qxe4 46. fxe4 Nd6) 44. Qc7 {[%emt 0:02:26] [#]} (44. Qb8 $1 $15) 44... Qa6 (44... Qe7 $1 $17 45. Qc8 Nd6 46. Qa8+ Qb7 47. Qxb7+ Nxb7) 45. Qf7+ $11 Ke5 $2 (45... Qe6 $11 46. Qxa7 Qc6) 46. f4+ $18 Ke4 47. Qe8+ Kd3 {[%emt 0:00:34] Threatens to win with ...Ne3+.} 48. Qe2+ Kc3 49. Qd2+ {[%emt 0:00:12][%mdl 32768] Weighted Error Value: White=0.58/Black=0.65. Loss on time!?} 1-0